Map: Dusk Towers

Players

desRow - Winner!

  • Race: Protoss Protoss
  • League: Grandmaster

A.I. 2 (Elite)

  • Race: Protoss Protoss

VOD

Have the link to the VOD?

Description

Time

  • Played on: March 1, 2016, 3:23 a.m.
  • Length: 5:27
Show
View Real Time Build Order
Export as new Build Order

desRow Protoss - Winner!

Build Orders: Oracle Opening 

Get SALT Encoding   

  12  0:01  Probe (Chrono Boost)  
  13  0:11  Probe (Chrono Boost)  
  14  0:18  Pylon  
  14  0:22  Probe (Chrono Boost)  
  15  0:36  Probe (Chrono Boost)  
  15  0:41  Gateway  
  16  0:46  Probe (Chrono Boost)  
  16  0:49  Assimilator  
  17  0:54  Assimilator  
  18  0:57  Probe (Chrono Boost)  
  18  1:07  Probe (Chrono Boost)  
  19  1:11  Gateway  
  19  1:18  Probe (Chrono Boost)  
  20  1:29  Cybernetics Core  
  20  1:30  Probe (Chrono Boost)  
  21  1:39  Pylon  
  21  1:40  Probe (Chrono Boost)  
  22  1:51  Probe (Chrono Boost)  
  23  2:01  Probe (Chrono Boost)  
  23  2:05  Adept (Chrono Boost)  
  23  2:07  Adept (Chrono Boost)  
  28  2:13  Stargate  
  28  2:17  Warp Gate  
  28  2:24  Pylon  
  28  2:32  Adept (Chrono Boost)  
  30  2:42  Adept (Chrono Boost)  
  32  2:46  Gateway  
  32  2:56  Oracle (Chrono Boost)  
  35  3:13  Stalker  
  35  3:14  Stalker  
  35  3:40  Oracle (Chrono Boost)  
  34  4:19  Gateway  
  34  4:20  Stalker x2, Pylon  
  36  4:42  Stalker x2  
  40  4:46  Stalker  
  42  5:14  Stalker x2  
  46  5:22  Pylon  
Show
View Real Time Build Order
Export as new Build Order

A.I. 2 (Elite) Protoss 

Build Orders:  

Get SALT Encoding   

  12  0:01  Probe (Chrono Boost)  
  13  0:11  Probe (Chrono Boost)  
  14  0:20  Pylon  
  14  0:22  Probe (Chrono Boost)  
  15  0:38  Probe (Chrono Boost)  
  16  0:47  Assimilator  
  16  0:49  Probe (Chrono Boost)  
  17  0:50  Gateway  
  17  1:00  Pylon, Probe (Chrono Boost)  
  18  1:10  Probe (Chrono Boost)  
  19  1:21  Probe (Chrono Boost)  
  20  1:32  Probe (Chrono Boost)  
  21  1:35  Zealot  
  23  1:40  Gateway  
  23  1:42  Cybernetics Core  
  23  1:43  Probe (Chrono Boost)  
  24  1:52  Pylon  
  25  1:54  Probe (Chrono Boost)  
  25  2:00  Zealot  
  25  2:06  Assimilator  
  27  2:12  Warp Gate  
  27  2:13  Probe (Chrono Boost)  
  28  2:25  Probe (Chrono Boost), Adept  
  28  2:27  Adept  
  33  2:37  Probe (Chrono Boost)  
  33  2:46  Robotics Facility  
  33  2:49  Probe (Chrono Boost)  
  34  2:52  Adept  
  36  2:59  Adept  
  36  3:05  Probe (Chrono Boost)  
  34  3:17  Probe (Chrono Boost)  
  34  3:18  Zealot  
  31  3:28  Probe (Chrono Boost)  
  31  3:40  Probe (Chrono Boost)  
  30  3:51  Probe (Chrono Boost)  
  22  4:02  Probe (Chrono Boost)  
  15  4:13  Probe (Chrono Boost)  
  15  4:29  Probe (Chrono Boost)  
Tags
 
Add a new tag
Caveats
  • Supply blocks, unpowered buildings, or Contaminate may cause inaccurate times.
  • Supply counts are checked every 10 seconds.